Construct Section Command Post
Construct Platoon Command Post
Unlock Bishop Self-propelled Artillery
Selects Indian Artillery Battlegroup
Selects Gurkha Rifles Section
6-pounder Anti-tank Gun Team
Bishop Self-propelled Artillery
Construct Field Infirmary
Selects Artillery Saturation
Selects Off-map Airburst Barrage
Selects Volunteer Infantry
Construct Company Command Post
Unlock Towed 17-pounder Anti-tank Guns
17-pounder Anti-tank Gun Team
Selects Perimeter Monitor